 Dungeon Crawl Stone Soup version 0.15.2 (webtiles) character file.

799 Aargh the Twirler (level 7, 0/43 HPs)
             Began as a Gargoyle Gladiator on Mar 8, 2015.
             Slain by a crocodile (11 damage)
             ... on Level 7 of the Dungeon.
             The game lasted 00:55:12 (5005 turns).

Aargh the Twirler (Gargoyle Gladiator)              Turns: 5005, Time: 00:55:13

HP   0/43        AC 13     Str 18      XL: 7   Next: 90%
MP   7/7         EV 12     Int 11      God:
Gold 280         SH  0     Dex 12      Spells:  3 memorised,  0 levels left

rFire  + . .     SeeInvis .     o - +0 short sword (elec)
rCold  . . .     Clarity  .     g - +0 leather armour
rNeg   + . .     rCorr    .     (no shield)
rPois  +         rRot     +     c - +0 helmet
rElec  +         Spirit   .     e - +0 cloak
SustAb .         Warding  .     u - +1 pair of gloves
rMut   .         Stasis   .     (no boots)
Gourm  .                        (no amulet)
MR     .....                    (no ring)
                                (no ring)

@: not resistant to hostile enchantments, unstealthy
A: icy blue scales 1, clever 1, fire resistance 1, negative energy resistance 1,
regeneration 1, electricity resistance, unbreathing, petrification resistance,
rot immunity, AC +4
a: no special abilities


You were on level 7 of the Dungeon.
You were not hungry.

You visited 1 branch of the dungeon, and saw 7 of its levels.
You also visited: Ossuary.

You collected 280 gold pieces.


Innate Abilities, Weirdness & Mutations

You are resistant to torment.
You are immune to poison.
Your stone body is very resilient (AC +4).
You resist negative energy.
You are resistant to electric shocks.
You can survive without breathing.
You are immune to petrification.
You are immune to rotting.
You are partially covered in icy blue scales (AC +1).
Your mind is acute. (Int +2)
Your flesh is heat resistant.
Your natural rate of healing is unusually fast.


   Skills:
 + Level 4.2 Fighting
 + Level 0.8 Short Blades
 + Level 4.5 Staves
 + Level 3.8 Throwing
 * Level 2.4 Armour
 + Level 3.9 Dodging
 * Level 4.0 Stealth
 * Level 0.3 Spellcasting
 * Level 1.0 Conjurations


You couldn't memorise any spells.
You knew the following spells:

 Your Spells              Type           Power        Failure   Level  Hunger
a - Magic Dart            Conj           #...         24%         1    ##.....
b - Searing Ray           Conj           #.....       34%         2    ###....
c - Dazzling Spray        Conj/Hex       #.......     83%         3    ####...


Dungeon Overview and Level Annotations

Branches:
Dungeon (7/15)
 Temple: D:4-7

Altars:
Okawaru

Annotations:
D:2 exclusion: downstairs
D:3 exclusion: Ijyb, Ijyb
D:4 exclusion: upstairs, Grinder
D:5 exclusions: downstairs and upstairs
D:6 Natasha

Inventory:

Hand weapons
 a - a +0 quarterstaff
 i - a cursed -3 dagger
   (You took it off a kobold on level 1 of the Dungeon)
 o - a +0 short sword of electrocution (weapon)
   (You took it off a kobold on level 1 of the Dungeon)
 q - a +0 hunting sling
   (You found it on level 1 of the Dungeon)
 s - a +1 hand crossbow of flaming
   (You found it on level 2 of the Dungeon)
 y - a +0 spear
   (You took it off a gnoll on level 2 of the Dungeon)
 F - a cursed -3 hand axe
   (You took it off an orc on level 6 of the Dungeon)
 G - a +0 hand axe
   (You took it off an orc on level 4 of the Dungeon)
 I - a +0 whip
   (You took it off a gnoll on level 2 of the Dungeon)
 L - a +0 flail
   (You took it off an orc on level 5 of the Dungeon)
Missiles
 d - 3 throwing nets (quivered) {!f, !d}
 k - 4 needles of frenzy
 p - 7 stones
 J - 22 poisoned needles
Armour
 b - a +0 leather armour
 c - a +0 helmet (worn)
 e - a +0 cloak (worn)
   (You found it on level 1 of the Dungeon)
 g - a +0 leather armour (worn)
   (You found it on level 1 of the Dungeon)
 u - a +1 pair of gloves (worn)
   (You found it on level 1 of the Dungeon)
Comestibles
 f - 4 bread rations
 h - 3 meat rations
 l - 2 beef jerkies
 x - 3 rotting chunks of orc flesh
 z - 2 chunks of orc flesh
 A - 2 chunks of black bear flesh
 H - a rotting chunk of bat flesh
Scrolls
 m - 2 scrolls of identify
 r - 2 scrolls of remove curse
 t - a scroll of teleportation
 v - 2 scrolls of amnesia
 w - 4 scrolls of enchant armour
 N - 2 scrolls of magic mapping {!r}
Potions
 j - 3 potions of curing
 n - a potion of might {unknown}
 K - a potion of brilliance
 M - a potion of agility
Books
 C - a book of Conjurations
   (You found it in an ossuary)
 D - a book of Minor Magic
   (You found it on level 6 of the Dungeon)

..* ##....# .#* **** ##....## .#
**,,* #....## .# **,,** #h...# .#
**,,** ##h...### .# *,,,*
##.h..(... .# #*,,** ##.........
.##########..##########...##.....
................@t...............
.########...##########..######...
## *#,,,* #..## ##.. # *,,,,*
#..# #(.
###*****,,,<**#######..########..
...,,,,,,,,,,,...................
###********,,,########>.########.
...,,,,,,,,,,....................
######*******...#####...#######..


You could see a crocodile.

Action                   |  1- 3 |  4- 6 |  7- 9 || total
-------------------------+-------+-------+-------++-------
Melee: Quarterstaff      |    89 |   256 |    58 ||   403
       Short sword       |       |       |   117 ||   117
Throw: Stone             |     1 |       |       ||     1
  Use: Scroll            |     1 |       |    14 ||    15
       Potion            |       |       |    11 ||    11
 Stab: Sleeping          |       |       |     1 ||     1
  Eat: Chunk             |     1 |     5 |     6 ||    12
       Pizza             |       |     1 |       ||     1

Vault maps used:
D:1:      saegor_arrival_simple_b, serial_bayou, serial_bayou_lagoon_a,
          serial_bayou_pond_a, serial_bayou_pond_b, serial_bayou_shore_a
D:2:      wad_woods_tower
D:3:      uniq_iyjb
D:4:      okawaru_trees_2, first_bread, tgw_trog, uniq_grinder
D:5:      enter_ossuary_2, patterned_corridor
D:6:      lemuel_ratsnest, minmay_temple_entry_trees, corexii_hall_statues_l,
          nicolae_tso_swordbearing_angel, uniq_natasha
D:7:      nicolae_elemental_shop
Ossuary:  ossuary_tomb_2

Notes
Turn   | Place    | Note
--------------------------------------------------------------
     0 | D:1      | Aargh, the Gargoyle Gladiator, began the quest for the Orb.
     0 | D:1      | Reached XP level 1. HP: 12/12 MP: 1/1
   271 | D:1      | Reached XP level 2. HP: 11/17 MP: 2/2
   760 | D:1      | Reached XP level 3. HP: 19/21 MP: 3/3
  1054 | D:2      | Reached skill level 1 in Stealth
  1301 | D:2      | Reached XP level 4. HP: 23/27 MP: 4/4
  1484 | D:3      | Reached skill level 2 in Stealth
  1750 | D:2      | Reached skill level 3 in Dodging
  1750 | D:2      | Reached XP level 5. HP: 23/32 MP: 5/5
  1780 | D:2      | Reached skill level 3 in Fighting
  2130 | D:3      | Reached skill level 3 in Throwing
  2160 | D:5      | Entered Level 5 of the Dungeon
  2329 | D:5      | Found a sand-covered staircase.
  2334 | Ossuary  | Entered an ossuary
  2409 | Ossuary  | Reached skill level 4 in Staves
  2409 | Ossuary  | Reached XP level 6. HP: 17/37 MP: 6/6
  2425 | Ossuary  | Reached skill level 3 in Stealth
  2875 | Ossuary  | Reached XP level 7. HP: 32/42 MP: 7/7
  3020 | Ossuary  | Learned a level 1 spell: Magic Dart
  3024 | Ossuary  | Learned a level 2 spell: Searing Ray
  3033 | Ossuary  | Learned a level 3 spell: Dazzling Spray
  3035 | Ossuary  | Gained mutation: Your flesh is heat resistant. [potion of beneficial mutation]
  3037 | Ossuary  | Gained mutation: Your natural rate of healing is unusually fast. [potion of mutation]
  3037 | Ossuary  | Gained mutation: You are partially covered in icy blue scales (AC +1). [potion of mutation]
  3037 | Ossuary  | Gained mutation: Your mind is acute. (Int +2) [potion of mutation]
  3127 | D:5      | Noticed a sky beast
  3225 | D:6      | Reached skill level 4 in Fighting
  3492 | D:3      | Noticed Ijyb
  3650 | D:4      | Found an iron altar of Okawaru.
  3766 | D:4      | Noticed Grinder
  4025 | D:6      | Noticed Natasha
  4031 | D:5      | Reached skill level 1 in Armour
  4523 | D:4      | Noticed a moth of wrath
  4906 | D:7      | Reached skill level 2 in Armour
  4932 | D:7      | Reached skill level 4 in Stealth
  4932 | D:7      | Reached skill level 1 in Conjurations
  5005 | D:7      | Slain by a crocodile

Vanquished Creatures
  A black bear (D:7)
  4 water moccasin zombies (Ossuary)
  A wight (D:6)
  A hound (D:5)
  A crimson imp (D:6)
  2 jellies (D:5 D:7)
  3 orc wizards (D:5 D:4)
  A quasit (D:7)
  2 mummies (Ossuary)
  3 adders (D:2 D:3)
  3 gnolls (D:2)
  4 green rats (D:2)
  6 adder zombies (Ossuary)
  4 giant geckos (D:1 D:2 D:5)
  2 oozes (D:1)
  13 orcs (D:3 D:4 D:5 D:6 D:7)
  A ball python (D:5)
  3 gnoll zombies (Ossuary)
  9 hobgoblins (D:1 D:2 D:3 D:4 D:5)
  6 jackals (D:5 D:7)
  12 bats (D:1 D:2 D:3 D:5 D:6)
  2 giant cockroaches (D:1 D:2)
  2 giant newts (D:3 D:7)
  7 goblins (D:1 D:2 D:4 D:7)
  7 hobgoblin zombies (Ossuary)
  6 kobolds (D:1 D:2 D:5 D:6)
  A kobold skeleton (D:7)
  A kobold zombie (Ossuary)
  5 orc zombies (Ossuary)
  3 quokkas (D:3 D:2 D:4)
  6 rats (D:1 D:3 D:2 D:5)
  A plant (D:2)
123 creatures vanquished.

Vault maps used:
D:1:      saegor_arrival_simple_b, serial_bayou, serial_bayou_lagoon_a,
          serial_bayou_pond_a, serial_bayou_pond_b, serial_bayou_shore_a
D:2:      wad_woods_tower
D:3:      uniq_iyjb
D:4:      okawaru_trees_2, first_bread, tgw_trog, uniq_grinder
D:5:      enter_ossuary_2, patterned_corridor
D:6:      lemuel_ratsnest, minmay_temple_entry_trees, corexii_hall_statues_l,
          nicolae_tso_swordbearing_angel, uniq_natasha
D:7:      nicolae_elemental_shop
Ossuary:  ossuary_tomb_2

Table legend:
 A = Turns spent in this place as a percentage of turns spent in the entire game.
 B = Non-inter-level travel turns spent in this place as a percentage of non-inter-level travel turns spent in the entire game.
 C = Inter-level travel turns spent in this place as a percentage of turns spent in this place.
 D = Turns resting spent in this place as a percentage of non-inter-level travel turns spent in this place.
 E = Turns spent auto-exploring this place as a percentage of non-inter-level travel turns spent in this place.
 F = Non-inter-level travel turns spent in this place divided by the number of levels of this place that you've seen.
                   A       B       C       D       E      F
               +-------+-------+-------+-------+-------+----------------------
         Total | 100.0 | 100.0 |   0.0 |   1.3 |   2.3 | 339.2
       Dungeon |  90.0 |  90.0 |   0.0 |   0.7 |   2.3 | 349.0
       Ossuary |  10.0 |  10.0 |   0.0 |   5.9 |   2.2 | 271.0
               +-------+-------+-------+-------+-------+----------------------

Table legend:
 A = Kills in this place as a percentage of kills in entire the game.
 B = Kills by you in this place as a percentage of kills by you in the entire game.
 C = Kills by friends in this place as a percentage of kills by friends in the entire game.
 D = Other kills in this place as a percentage of other kills in the entire game.
 E = Experience gained in this place as a percentage of experience gained in the entire game.
 F = Experience gained in this place divided by the number of levels of this place that you have seen.
                   A       B       C       D       E      F
               +-------+-------+-------+-------+-------+----------------------
         Total | 100.0 | 100.0 |  -nan |  -nan | 100.0 | 142.8
       Dungeon |  77.0 |  77.0 |  -nan |  -nan |  66.1 | 107.9
       Ossuary |  23.0 |  23.0 |  -nan |  -nan |  33.9 | 387.0
               +-------+-------+-------+-------+-------+----------------------
